 Dungeon Crawl Stone Soup version 0.29-a0-823-gc37b1572da (webtiles) character file.

Game seed: 2033415460746035214

128 snarfax the Trooper (level 4, -1/41 HPs)
             Began as a Minotaur Abyssal Knight on July 8, 2022.
             Was a Priest of Lugonu.
             Slain by an orc
             ... wielding a +0 whip
              (5 damage)
             ... on level 4 of the Dungeon.
             The game lasted 00:04:42 (2628 turns).

snarfax the Trooper (Minotaur Abyssal Knight)       Turns: 2628, Time: 00:04:44

Health: -1/41      AC:  8    Str: 19    XL:     4   Next: 87%
Magic:  5/5        EV: 10    Int: 13    God:    Lugonu [***...]
Gold:   192        SH:  0    Dex: 11    Spells: 3/3 levels left

rFire   . . .      SeeInvis .   a - +1 mace
rCold   . . .      Faith    .   (no shield)
rNeg    . . .      Spirit   .   e - +0 ring mail
rPois   +          Reflect  .   (helmet restricted)
rElec   .          Harm     .   f - +2 cloak {rPois}
rCorr   .          Rampage  .   (no gloves)
Will    .....                   (no boots)
Stlth   +.........              (no amulet)
HPRegen 0.13/turn               c - +6 ring of intelligence
MPRegen 0.09/turn               (no ring)

@: no status effects
A: horns 2, retaliatory headbutt
a: Renounce Religion, Depart the Abyss, Bend Space, Banish


You were on level 4 of the Dungeon.
You worshipped Lugonu.
Lugonu was most pleased with you.
You visited 1 branch of the dungeon, and saw 4 of its levels.
You visited the Abyss 1 time.

You collected 192 gold pieces.

Inventory:

Hand Weapons
 a - a +1 mace (weapon)
Missiles
 m - 9 poisoned darts
Armour
 b - a +0 leather armour
 e - a +0 ring mail (worn)
 f - a +2 cloak of poison resistance (worn)
Jewellery
 c - a +6 ring of intelligence (left hand)
Wands
 s - a wand of charming (5)
Scrolls
 k - a scroll of fog
 o - 2 scrolls of magic mapping {unknown}
 p - a scroll of teleportation {unknown}
 q - a scroll of blinking {unknown}
 r - 2 scrolls of amnesia {unknown}
 t - a scroll of enchant weapon {unknown}
 w - a scroll of enchant armour {unknown}
Potions
 d - a potion of mutation {unknown}
 g - 2 potions of lignification
 h - 3 potions of berserk rage
 i - 2 potions of haste {unknown}
 j - 2 potions of degeneration {unknown}
 l - a potion of invisibility {unknown}
 n - 3 potions of curing
 u - a potion of heal wounds {unknown}
 v - a potion of attraction {unknown}


   Skills:
 + Level 4.5 Fighting
 + Level 3.7 Maces & Flails
 + Level 3.6 Armour
 - Level 1.1 Dodging
 + Level 2.9 Invocations


You had 3 spell levels left.
You didn't know any spells.
Your spell library contained the following spells:

 Spells                   Type           Power      Damage    Failure   Level
 Shock                    Conj/Air       0%         1d3       45%         1
 Swiftness                Air            0%         N/A       83%         3
 Airstrike                Air            0%         0-1+      99%         4


Dungeon Overview and Level Annotations

Branches:
Dungeon (4/15)
 Temple: D:4-7

Altars:

Annotations:
D:3 2 transporters, jlumianski's ghost, amateur DsFi


Innate Abilities, Weirdness & Mutations

You have a pair of horns on your head.
You reflexively headbutt those who attack you in melee.


Message History

The orc hits you but does no damage.
You barely miss the orc. Your headbutt misses the orc.
The orc is heavily wounded.
The orc hits you with a +1 morningstar of protection!
You hit the orc.
The orc is severely wounded.
The orc closely misses you. The orc barely misses you.
An orc comes into view. It is wielding a +0 whip.
The orc hits you but does no damage.
You hit the orc.
The orc is lightly wounded.
The orc hits you but does no damage. The orc barely misses you.
You hit the orc.
The orc is heavily wounded.
The orc closely misses you.
You sock the orc!
You kill the orc!
Lugonu accepts your kill. The orc barely misses you.
You hit the orc. You headbutt the orc.
The orc is heavily wounded.
The orc hits you but does no damage.
You barely miss the orc.
The orc is severely wounded.
The orc hits you with a +0 hand axe. The orc hits you but does no damage.
The orc closely misses you. x2; You furiously retaliate!
You headbutt the orc!
You kill the orc!
Lugonu accepts your kill. The orc closely misses you. You furiously retaliate!
You headbutt the orc, but do no damage. The orc hits you with a +0 hand axe.
You closely miss the orc.
The orc is heavily wounded.
The orc hits you with a +0 hand axe. The orc barely misses you.
You hit the orc.
You kill the orc!
Lugonu accepts your kill.
The orc hits you with a +1 morningstar of protection!
* * * LOW HITPOINT WARNING * * *
The orc hits you with a +0 whip.
You die...

....... ...?....
....... #.......
...$... #.....
....... #...
......###.#######
.>..............#
####...........#
#...........#
#)@.........+
#oo.........#
....###†##.####
#.... #.##.#
#.... #.##.#
#.... #.##.#
..... #.# .#
##.... #.# .# #.#


You could see 2 orcs.

Vanquished Creatures
  3 gnolls (D:3)
  2 adders (D:2)
  3 worms
  A dart slug (D:2)
  4 orcs
  9 ball pythons
  3 bats
  8 endoplasms
  3 giant cockroaches
  2 goblins
  6 hobgoblins
  4 jackals (D:1)
  7 kobolds
  A quokka (D:2)
  3 frilled lizards
  8 rats
67 creatures vanquished.

Notes
Turn   | Place    | Note
-------+----------+-------------------------------------------
     0 | Abyss:1  | snarfax the Minotaur Abyssal Knight began the quest for the
                  | Orb.
     0 | Abyss:1  | Reached XP level 1. HP: 19/19 MP: 1/1
     0 | D:1      | Escaped the Abyss
   158 | D:1      | Reached ** piety under Lugonu
   322 | D:1      | Found a faded altar of an unknown god.
   348 | D:1      | Reached XP level 2. HP: 27/27 MP: 2/2
   698 | D:1      | Reached skill level 4 in Fighting
   994 | D:2      | Reached XP level 3. HP: 33/33 MP: 3/3
  1465 | D:2      | Reached XP level 4. HP: 40/40 MP: 4/4
  1665 | D:2      | Reached *** piety under Lugonu
  2028 | D:3      | Found a transporter.
  2367 | D:3      | Found a transporter.
  2417 | D:3      | Noticed jlumianski's ghost (amateur DsFi)
  2628 | D:4      | Slain by an orc

Illustrated notes

Levels and vault maps discovered:
D:1:      minmay_arrival_three_doors, layout_basic, basic_ecumenical_altar
D:2:      layout_rooms, minmay_fractal_squares_gapless_5
D:3:      layout_loops_ring, gammafunk_ghost_arena, serial_glass,
          glass_columns_c, glass_columns_b, glass_columns_a, glass_columns_a,
          glass_columns_a, glass_columns_a, glass_columns_a, glass_columns_a,
          glass_columns_a, glass_columns_c, st_stairs_5, minmay_misc_feat_cross
D:4:      layout_basic, mainiacjoe_overflow_tiny_flanked,
          minmay_temple_entry_slanted

Skill      XL: |  1  2 |
---------------+-------+-----
Invocations    | 2 |  2.9
Fighting       | 4 |  4.5
Maces & Flails | 3 |  3.7
Armour         | 3 |  3.6
Dodging        | |  1.1

Action                   |  1- 3 |  4- 6 || total
-------------------------+-------+-------++-------
Melee: Mace              |    95 |    56 ||   151
       Headbutt          |    12 |     9 ||    21
Invok: Depart the Abyss  |     1 |       ||     1
  Use: Scroll            |     1 |     3 ||     4
Armor: Leather armour    |     8 |       ||     8
       Ring mail         |    36 |    28 ||    64
Dodge: Dodged            |    55 |    25 ||    80

Table legend: (Time is in decaauts)
 A = Elapsed time spent in this place.
 B = Non-inter-level travel time spent in this place.
 C = Inter-level travel time spent in this place.
 D = Time resting spent in this place.
 E = Time spent auto-exploring this place.
 F = Levels seen in this place.
 G = Mean time per level.
                   A        B        C        D        E       F      G
               +--------+--------+--------+--------+--------+-----+--------+
         Total |   2664 |   2610 |     54 |    257 |   1910 |   5 |  532.8 |
       Dungeon |   2664 |   2610 |     54 |    257 |   1910 |   4 |  666.0 |
         Abyss |      0 |      0 |      0 |      0 |      0 |   1 |    0.0 |
               +--------+--------+--------+--------+--------+-----+--------+

Top non-repeatable levels by time:
     D:1: 1006 daAuts
     D:2: 810 daAuts
     D:3: 785 daAuts
     D:4: 62 daAuts
